 Dungeon Crawl Stone Soup version 0.24.0-123-gd5b16e6ec5 (webtiles) character file.

Game seed: 6301999574031948324, levelgen mode: deterministic

144 Nattfarinn the Vandal (level 5, 0/36 HPs)
             Began as a Halfling Hunter on Jan 19, 2020.
             Succumbed to an orc wizard's poison
             ... on level 3 of the Dungeon.
             The game lasted 00:04:51 (2616 turns).

Nattfarinn the Vandal (Halfling Hunter)             Turns: 2616, Time: 00:04:52

Health: 0/36       AC:  3    Str: 13    XL:     5   Next: 51%
Magic:  5/5        EV: 15    Int: 10    God:
Gold:   116        SH:  0    Dex: 15    Spells: 4/4 levels left

rFire    . . .     SeeInvis .   a - +1 hunting sling
rCold    . . .     Gourm    .   (shield restricted)
rNeg     . . .     Faith    .   c - +0 leather armour
rPois    .         Spirit   .   (no helmet)
rElec    .         Reflect  .   (no cloak)
rCorr    .         Harm     .   (no gloves)
MR       .....                  (no boots)
Stlth    +++.......             (no amulet)
HPRegen  0.12/turn              g - ring of stealth
MPRegen  0.09/turn              (no ring)

@: lethally poisoned (0 -> -4)
A: small, mutation resistance 1
a: no special abilities


You were on level 3 of the Dungeon.
You were not hungry.

You visited 1 branch of the dungeon, and saw 3 of its levels.

You collected 116 gold pieces.

Inventory:

Hand Weapons
 a - a +1 hunting sling (weapon)
 b - a +0 short sword
 j - a +2 hand axe of freezing
Missiles
 d - 55 sling bullets (quivered)
 i - 156 stones
Armour
 c - a +0 leather armour (worn)
Jewellery
 g - a ring of stealth (left hand)
Wands
 n - a wand of iceblast (4)
 p - a wand of scattershot (3)
Scrolls
 e - 2 scrolls of remove curse {unknown}
 h - 2 scrolls of teleportation {unknown}
 k - 2 scrolls of fear {unknown}
 l - 2 scrolls of enchant weapon {unknown}
 o - a scroll of enchant armour {unknown}
Comestibles
 f - 5 rations
 m - 3 chunks of flesh


   Skills:
 * Level 3.0 Fighting
 + Level 6.5 Slings
 * Level 2.9 Armour
 + Level 3.0 Dodging
 - Level 1.1 Stealth


You had 4 spell levels left.
You didn't know any spells.
Your spell library was empty.

Dungeon Overview and Level Annotations

Branches:
Dungeon (3/15)

Altars:
Hepliaklqana
Vehumet


Innate Abilities, Weirdness & Mutations

You are small and have problems with some larger weapons.
You are somewhat resistant to further mutation.


Message History

Your Dodging skill increases to level 3!
You aren't carrying any potions.
Unknown command.
Okay, then.
Unknown command.
* * * LOW HITPOINT WARNING * * *
You feel sick.
You see here a frilled lizard corpse.
* * * LOW HITPOINT WARNING * * *
You feel sick.
Items here: $ ) [ † a +2 dagger of venom; a +0 robe; 8 gold pieces; an orc corpse You aren't carrying any potions.
Eat one of 5 chunks of flesh? (ye/n/q)
You eat one of the 5 chunks of flesh.
This raw flesh tastes terrible.
Some of the chunks of flesh in your inventory have rotted away.
There is a lethal amount of poison in your body!
* * * LOW HITPOINT WARNING * * *
You feel sick.
You die...

###.... . ... .. #.<.... .#
..# .. #.##... .# #..#.#
...#.... #.# .
#..(.######......... . ..####
.........#.#.#..#.. #####
#...#. #........#.....##..
#...#####....##.............#
#.. ..###...
...#.@........#.# #..
...##.#### #.#........# .. .#
#........####..)...........
## #.#......#..)†.>.......#
...........###.........#
.........### #.........#
.##......# ..........#
.##..[...# .#.#########
#######....###..


There were no monsters in sight!

Vanquished Creatures
  An orc wizard (D:3)
  3 adders (D:2)
  2 oozes (D:1)
  An adder skeleton (D:3)
  A worm (D:2)
  3 dart slugs
  2 leopard geckos (D:2)
  2 orcs (D:3)
  8 bats
  4 giant cockroaches
  6 goblins
  7 hobgoblins
  5 jackals
  6 kobolds
  3 ball pythons
  2 frilled lizards
  6 rats
62 creatures vanquished.

Notes
Turn   | Place    | Note
-------+----------+-------------------------------------------
     0 | D:1      | Nattfarinn the Halfling Hunter began the quest for the Orb.
     0 | D:1      | Reached XP level 1. HP: 14/14 MP: 1/1
   116 | D:1      | Reached skill level 1 in Armour
   116 | D:1      | Reached XP level 2. HP: 17/19 MP: 2/2
   136 | D:1      | Reached skill level 6 in Slings
   316 | D:1      | Reached XP level 3. HP: 21/24 MP: 3/3
  1206 | D:2      | You fall into a shaft and drop 1 floor!
  1242 | D:2      | Reached XP level 4. HP: 30/30 MP: 4/4
  1619 | D:2      | Found a hazy altar of Hepliaklqana.
  2024 | D:2      | Found a radiant altar of Vehumet.
  2385 | D:2      | Reached XP level 5. HP: 36/36 MP: 5/5
  2612 | D:3      | HP: 1/36 [poisoned by an orc wizard]
  2616 | D:3      | Succumbed to an orc wizard's poison

Levels and vault maps discovered:
D:1:      dpeg_chamrin_arrival_tetris, layout_basic, hex_tiny,
          minmay_box_of_dots
D:2:      layout_loops_corners, old_standard_altar, lemuel_crystal_altar,
          minivault_24
D:3:      layout_rooms, nemelex_xobeh_ov_fountains_minmay, first_ration,
          serial_bayou_lagoon_a

Skill      XL: |  1  2  3  4  5 |
---------------+----------------+-----
Fighting       | 2 3 |  3.0
Armour         | 1 2 |  2.9
Slings         | 6 |  6.5
Dodging        | 3 |  3.0
Stealth        | |  1.1

Action                   |  1- 3 |  4- 6 || total
-------------------------+-------+-------++-------
Melee: Short sword       |   106 |    45 ||   151
       Hand axe          |       |    67 ||    67
 Fire: Hunting sling     |    10 |     1 ||    11
  Use: Potion            |       |     1 ||     1
 Stab: Sleeping          |     2 |     2 ||     4
       Invisible         |       |     1 ||     1
  Eat: Chunk             |     1 |     5 ||     6
Armor: Leather armour    |    19 |    16 ||    35
Dodge: Dodged            |    95 |    87 ||   182
